 Dungeon Crawl Stone Soup version 0.27-a0-660-g90476cec82 (webtiles) character file.

Game seed: 7561225555661525086

1 shoop the Skirmisher (level 1, 0/20 HPs)
             Began as a Palentonga Abyssal Knight on Mar 16, 2021.
             Was an Initiate of Lugonu.
             Slain by a goblin
             ... wielding a +0 club
              (5 damage)
             ... on level 1 of the Dungeon.
             The game lasted 00:00:20 (128 turns).

shoop the Skirmisher (Palentonga Abyssal Knight)     Turns: 128, Time: 00:00:21

Health: 0/20       AC:  4    Str: 15    XL:     1   Next: 16%
Magic:  2/2        EV:  9    Int: 12    God:    Lugonu [......]
Gold:   0          SH:  0    Dex:  9    Spells: 0/0 levels left

rFire    . . .     SeeInvis +   a - +1 hand axe
rCold    . . .     Faith    .   (no shield)
rNeg     . . .     Spirit   .   b - +0 leather armour
rPois    .         Reflect  .   (no helmet)
rElec    .         Harm     .   (no cloak)
rCorr    .         Rampage  .   (no gloves)
Will     .....                  (no barding)
Stlth    +.........             (no amulet)
HPRegen  0.06/turn              (no ring)
MPRegen  0.08/turn              (no ring)

@: no status effects
A: large, rugged brown scales 3, see invisible, deformed body, roll 1, armoured
tail
a: Rolling Charge, Renounce Religion


You were on level 1 of the Dungeon.
You worshipped Lugonu.
Lugonu was noncommittal.
You visited 1 branch of the dungeon, and saw 1 of its levels.
You visited the Abyss 1 time.

Inventory:

Hand Weapons
 a - a +1 hand axe (weapon)
Armour
 b - a +0 leather armour (worn)


   Skills:
 - Level 3.0 Fighting
 + Level 2.1 Axes
 - Level 1.5 Armour
 - Level 0.7 Dodging
 - Level 2.0 Invocations


You couldn't memorise any spells.
You didn't know any spells.
Your spell library was empty.

Dungeon Overview and Level Annotations

Branches:
Dungeon (1/15)

Altars:


Innate Abilities, Weirdness & Mutations

You are completely covered in rugged brown scales. (AC +3, +7% HP)
You have supernaturally acute eyesight. (SInv)
Armour fits poorly on your strangely shaped body.
You can roll at nearby foes to attack.
You have a long armoured tail.


Message History

A white imp comes into view.
The white imp shouts!
You pass through the gate.
You can no longer depart the Abyss at will.
Found 4 boomerangs.
There is a staircase leading out of the dungeon here.
Magic restored.
As you open the gate, it creaks loudly!
There is an open gate here.
Found a robe.
Found a leather armour.
You see here a +0 robe.
A giant cockroach comes into view.
You closely miss the giant cockroach. The giant cockroach bites you.
The giant cockroach barely misses you.
You barely miss the giant cockroach. The giant cockroach barely misses you.
You closely miss the giant cockroach. You tail-slap the giant cockroach.
You kill the giant cockroach!
Lugonu accepts your kill.
No target in view!
No target in view!
HP restored.
Things that are here:
a +0 leather armour; a giant cockroach corpse A hobgoblin comes into view.
It is wielding a +0 club.
The hobgoblin shouts!
You hear a shout!
A goblin comes into view. It is wielding a +0 club.
You closely miss the goblin. The goblin hits you with a +0 club.
You hit the goblin.
The goblin is severely wounded.
The goblin hits you with a +0 club. The hobgoblin hits you with a +0 club.
* * * LOW HITPOINT WARNING * * *
The goblin closely misses you.
The hobgoblin hits you but does no damage.
You are too injured to fight recklessly!
You are too injured to fight recklessly!
You completely miss the goblin.
The goblin is heavily wounded.
The goblin hits you with a +0 club.
You die...

#...# #...#
####...#
#.$....#######
##.##.......... .
.... #.g#
...#..###.#
.......#.g#######.#
....##..[.g@.......
........#########..
#.#####.# #.#
#.#####[# #.......#
######..#######
#.........
##.###..###


You could see a hobgoblin and a goblin.

Vanquished Creatures
  A giant cockroach (D:1)
1 creature vanquished.

Notes
Turn   | Place    | Note
-------+----------+-------------------------------------------
     0 | Abyss:1  | shoop the Palentonga Abyssal Knight began the quest for the
                  | Orb.
     0 | Abyss:1  | Reached XP level 1. HP: 20/20 MP: 2/2
    66 | Abyss:1  | Noticed a tentacled monstrosity
    69 | D:1      | Escaped the Abyss
   128 | D:1      | Slain by a goblin

Illustrated notes

Levels and vault maps discovered:
D:1:      dpeg_arrival_windows_large_door, layout_loops_ring,
          minmay_tiny_reverse_x

Action                   || total
-------------------------++-------
Melee: Hand axe          ||     6
       Tailslap          ||     1
Invok: Depart the Abyss  ||     1
Armor: Leather armour    ||     1
Dodge: Dodged            ||     3

Table legend: (Time is in decaauts)
 A = Elapsed time spent in this place.
 B = Non-inter-level travel time spent in this place.
 C = Inter-level travel time spent in this place.
 D = Time resting spent in this place.
 E = Time spent auto-exploring this place.
 F = Levels seen in this place.
 G = Mean time per level.
                   A        B        C        D        E       F      G
               +--------+--------+--------+--------+--------+-----+--------+
         Total |    128 |    128 |      0 |      0 |    110 |   2 |   64.0 |
       Dungeon |     59 |     59 |      0 |      0 |     46 |   1 |   59.0 |
         Abyss |     69 |     69 |      0 |      0 |     64 |   1 |   69.0 |
               +--------+--------+--------+--------+--------+-----+--------+

Top non-repeatable levels by time:
 Abyss:1: 69 daAuts
     D:1: 59 daAuts
